 Dungeon Crawl Stone Soup version 0.23-a0-208-gb6b040f31c (webtiles) character file.

183 PikkenKukken the Changer (level 5, -6/44 HPs)
             Began as a Naga Transmuter on Sept 25, 2018.
             Killed from afar by an orc wizard (8 damage)
             ... with a magic dart
             ... on level 3 of the Dungeon.
             The game lasted 00:16:58 (4554 turns).

PikkenKukken the Changer (Naga Transmuter)          Turns: 4554, Time: 00:16:59

Health: -6/44      AC:  3    Str: 12    XL:     5   Next: 62%
Magic:  3/8        EV: 10    Int: 14    God:
Gold:   101        SH:  0    Dex: 12    Spells: 2/8 levels left

rFire    . . .     SeeInvis +     - Unarmed
rCold    . . .     Gourm    .   (no shield)
rNeg     . . .     Faith    .   b - +1 robe
rPois    +         Spirit   .   (helmet restricted)
rElec    .         Reflect  .   (no cloak)
rCorr    .         Harm     .   (no gloves)
MR       ++...                  (no barding)
Stlth    ++........             (no amulet)
HPRegen  0.14/turn              i - ring of protection from magic
MPRegen  0.11/turn              f - ring of protection from magic

@: very slow
A: large, horns 1, camouflage 1, see invisible, deformed body, poison
resistance, slowness 2, slow metabolism 1, spit poison 1, MP-powered wands, AC
+1
a: Spit Poison


You were on level 3 of the Dungeon.
You were very hungry.

You visited 1 branch of the dungeon, and saw 4 of its levels.

You collected 101 gold pieces.

Inventory:

Hand Weapons
 q - a +1 rapier of flaming
Missiles
 a - 37 arrows
Armour
 b - a +1 robe (worn)
Jewellery
 f - a ring of protection from magic (right hand)
 i - a ring of protection from magic (left hand)
 l - a +2 ring of intelligence {unknown}
 n - an uncursed ring of flight {unknown}
Scrolls
 j - a scroll of enchant weapon
 k - a scroll of teleportation
 o - a scroll of enchant armour
Potions
 c - 2 potions of agility
 e - a potion of flight
 g - a potion of mutation
 h - 2 potions of curing
 m - a potion of degeneration {unknown}
 p - a potion of heal wounds {unknown}
Comestibles
 d - 11 rations


   Skills:
 - Level 1.0 Fighting
 - Level 1.6 Dodging
 - Level 3.0 Unarmed Combat
 - Level 2.0 Spellcasting
 + Level 5.6 Transmutations


You had 2 spell levels left.
You knew the following spells:

 Your Spells              Type           Power        Failure   Level  Hunger
a - Beastly Appendage     Tmut           ###...       2%          1    ##.....
b - Sticks to Snakes      Tmut           ###.....     3%          2    ###....
c - Spider Form           Tmut/Pois      #.........   22%         3    ####...

Your spell library contained the following spells:

 Spells                   Type           Power        Failure   Level  Hunger
 Blade Hands              Tmut           ###.......   54%         5    ######.
 Ice Form                 Ice/Tmut       #.......     58%         4    #####..


Dungeon Overview and Level Annotations

Branches:
Dungeon (4/15)
 Temple: D:4-7

Altars:
Gozag
Kikubaaqudgha
Makhleb
Nemelex Xobeh
Trog
Uskayaw
Zin

Annotations:
D:4 Sigmund


Innate Abilities, Weirdness & Mutations

You cannot wear boots.
Your serpentine skin is tough. (AC +1)
You have supernaturally acute eyesight. (SInv)
Armour fits poorly on your strangely shaped body.
Your system is resistant to poisons. (rPois)
You cover ground very slowly.
You have a slow metabolism.
You can spit poison.
You have a pair of small horns on your head.
Your skin changes colour to match your surroundings (Stealth+).
You expend magic power (3 MP) to strengthen your wands.


Message History

* * * LOW HITPOINT WARNING * * *
You closely miss the orc wizard.
The orc wizard is heavily wounded.
The orc wizard barely misses you.
You hit the orc wizard. Your headbutt misses the orc wizard.
The orc wizard is almost dead.
The orc wizard hits you with a dagger.
* * * LOW HITPOINT WARNING * * *
You hit the orc wizard but do no damage.
The orc wizard is almost dead.
The orc wizard hits you with a dagger.
* * * LOW HITPOINT WARNING * * *
You barely miss the orc wizard. You headbutt the orc wizard.
The orc wizard is almost dead.
The orc wizard hits you but does no damage.
You barely miss the orc wizard.
The orc wizard is almost dead.
The orc wizard casts a spell at you. The magic dart hits you!
You die...

#### #.......#.#.# #..## ...##
#.......#.#.# #.... ....#
#.......#.#.# ##.## ....#
####..###.#.#### #.#
###.###########.###......#####.#
.................[.>...........#
###.####.#######†##.####.########
..........).....S................
###.####.#######@o...............
.......#.# ##.##.###.#######.
########.# #..#.###.# #.
#.#########.#.....# #.
########.##......#..#[###### #.
.........##................# #.
###########......##....###.#####.
##.............................#.
##.###########.#####...###.###.#.


You could see an orc wizard (invisible) and a friendly ball python.

Vanquished Creatures
  2 orc wizards (D:2)
  A gnoll (D:1)
  4 adders
  2 oozes
  3 dart slugs
  2 leopard geckos
  3 orcs
  4 bats
  4 giant cockroaches
  4 goblins
  6 hobgoblins
  A jackal (D:3)
  3 frilled lizards
  4 kobolds
  6 rats
49 creatures vanquished.

Vanquished Creatures (collateral kills)
  5 adders
  A worm (D:2)
  An orc (D:3)
  A goblin (D:2)
  3 jackals (D:3)
  A frilled lizard (D:3)
12 creatures vanquished.

Grand Total: 61 creatures vanquished

Notes
Turn   | Place    | Note
-------+----------+-------------------------------------------
     0 | D:1      | PikkenKukken the Naga Transmuter began the quest for the
                  | Orb.
     0 | D:1      | Reached XP level 1. HP: 18/18 MP: 3/3
     6 | D:1      | Noticed an iguana
     6 | D:1      | Noticed a salamander
     7 | D:1      | Noticed a wyvern
     7 | D:1      | Noticed a swamp worm
   339 | D:1      | Reached XP level 2. HP: 6/25 MP: 1/5
   637 | D:1      | Learned a level 2 spell: Sticks to Snakes
   680 | D:1      | Reached skill level 3 in Transmutations
   940 | D:1      | Reached XP level 3. HP: 20/31 MP: 4/6
  1749 | D:2      | Gained mutation: Your skin changes colour to match your
                  | surroundings (Stealth+). [potion of mutation]
  1749 | D:2      | Gained mutation: You expend magic power (3 MP) to
                  | strengthen your wands. [potion of mutation]
  1749 | D:2      | Gained mutation: You have a pair of small horns on your
                  | head. [potion of mutation]
  1836 | D:2      | Learned a level 3 spell: Spider Form
  1865 | D:2      | Reached skill level 4 in Transmutations
  1865 | D:2      | Reached XP level 4. HP: 23/38 MP: 4/7
  2939 | D:3      | Found a hide-covered altar of Uskayaw.
  3423 | D:2      | Reached skill level 5 in Transmutations
  3423 | D:2      | Reached XP level 5. HP: 13/44 MP: 5/8
  4353 | D:3      | Found a glowing silver altar of Zin.
  4355 | D:3      | Found a sparkling altar of Nemelex Xobeh.
  4356 | D:3      | Found an ancient bone altar of Kikubaaqudgha.
  4356 | D:3      | Found an opulent altar of Gozag.
  4358 | D:3      | Found a bloodstained altar of Trog.
  4360 | D:3      | Found a burning altar of Makhleb.
  4454 | D:4      | Noticed Sigmund
  4552 | D:3      | HP: 2/44 [orc wizard/dagger (3)]
  4554 | D:3      | Killed from afar by an orc wizard

Vault maps used:
D:1:      onia_arrival_zoo_common
D:2:      minmay_misc_feat_diagonals
D:3:      minitemple, first_ration, grunt_decor_mini_mirrors
D:4:      minmay_goblin_kobold_castle, guppyfry_shop_venom, uniq_natasha,
          uniq_sigmund

Skill      XL: |  1  2  3  4 |
---------------+-------------+-----
Transmutations | 3 4 5 |  5.6
Fighting       | |  1.0
Dodging        | |  1.6
Unarmed Combat | |  3.0
Spellcasting   | |  2.0

Action                   |  1- 3 |  4- 6 || total
-------------------------+-------+-------++-------
Melee: Unarmed           |    94 |   124 ||   218
       Headbutt          |     9 |    15 ||    24
       Punch             |     2 |     2 ||     4
 Cast: Beastly Appendage |    16 |       ||    16
       Sticks to Snakes  |    10 |    37 ||    47
       Spider Form       |       |     1 ||     1
  Use: Scroll            |     9 |     2 ||    11
       Potion            |     1 |       ||     1
 Stab: Sleeping          |     2 |       ||     2
       Distracted        |       |     1 ||     1
  Eat: Chunk             |     3 |     5 ||     8
       Ration            |       |     1 ||     1
Armor: Robe              |    13 |    28 ||    41
Dodge: Dodged            |    41 |    76 ||   117

Table legend:
 A = Non-vault XP
 B = Vault XP
 C = Vault XP percentage of total XP
 D = Non-vault monster count
 E = Vault monster count
 F = Vault count percentage of total count
                 A         B        C        D         E       F
            +---------+---------+-------+---------+---------+-------
      Total |     262 |       0 |   0.0 |      61 |       0 |   0.0
            +---------+---------+-------+---------+---------+-------
        D:1 |      43 |       0 |   0.0 |      13 |       0 |   0.0
        D:2 |     150 |       0 |   0.0 |      24 |       0 |   0.0
        D:3 |      57 |       0 |   0.0 |      23 |       0 |   0.0
        D:4 |      12 |       0 |   0.0 |       1 |       0 |   0.0
            +---------+---------+-------+---------+---------+-------
